 Dungeon Crawl Stone Soup version 0.27-a0-1595-g0b823d0a13 (webtiles) character file.

Game seed: 3952637830815334801

291 zazu2006 the Magician (level 6, -26/50 HPs)
             Began as a Naga Hedge Wizard on July 20, 2021.
             Annihilated by an ogre (28 damage)
             ... on level 3 of the Dungeon.
             The game lasted 00:07:17 (4666 turns).

zazu2006 the Magician (Naga Hedge Wizard)           Turns: 4666, Time: 00:07:17

Health: -26/50     AC:  3    Str: 13    XL:     6   Next: 32%
Magic:  8/12       EV:  9    Int: 16    God:
Gold:   93         SH:  0    Dex: 10    Spells: 5/14 levels left

rFire    . . .     SeeInvis +   b - +0 rapier
rCold    . . .     Faith    .   (no shield)
rNeg     . . .     Spirit   .   i - +0 leather armour
rPois    +         Reflect  .   c - +0 hat
rElec    .         Harm     .   (no cloak)
rCorr    .         Rampage  .   (no gloves)
Will     .....                  (no barding)
Stlth    ++........             (no amulet)
HPRegen  0.16/turn              (no ring)
MPRegen  0.13/turn              (no ring)

@: very slightly contaminated, very slow
A: AC +2, large, see invisible, deformed body, poison resistance, slowness 2,
spit poison 1, naga tail 1
a: Spit Poison


You were on level 3 of the Dungeon.
You visited 1 branch of the dungeon, and saw 4 of its levels.

You collected 93 gold pieces.

Inventory:

Hand Weapons
 a - a +0 dagger
 b - a +0 rapier (weapon)
Armour
 c - a +0 hat (worn)
 i - a +0 leather armour (worn)
Jewellery
 q - a ring of ice
Wands
 t - a wand of polymorph (12)
Scrolls
 d - a scroll of blinking {unknown}
 e - a scroll of fear {unknown}
 g - 2 scrolls of teleportation {unknown}
 l - a scroll of brand weapon {unknown}
 m - 2 scrolls of identify {unknown}
 r - a scroll of enchant weapon {unknown}
 s - a scroll of fog {unknown}
Potions
 f - 2 potions of mutation {unknown}
 h - 2 potions of heal wounds {unknown}
 j - 2 potions of haste {unknown}
 k - 3 potions of lignification {unknown}
 n - a potion of curing {unknown}
 o - 2 potions of berserk rage {unknown}
 p - a potion of resistance {unknown}


   Skills:
 + Level 0.5 Fighting
 + Level 2.3 Armour
 + Level 1.9 Dodging
 + Level 3.6 Stealth
 + Level 4.5 Spellcasting
 + Level 3.0 Conjurations
 + Level 1.0 Summonings
 + Level 1.0 Translocations


You had 5 spell levels left.
You knew the following spells:

 Your Spells              Type           Power      Damage    Failure   Level
a - Magic Dart            Conj           52%        1d5       6%          1
b - Mephitic Cloud        Conj/Pois/Air  6%         N/A       38%         3
c - Conjure Flame         Conj/Fire      8%         6-21      32%         3
d - Blink                 Tloc           N/A        N/A       21%         2

Your spell library contained the following spells:

 Spells                   Type           Power      Damage    Failure   Level
 Call Imp                 Summ           6%         N/A       21%         2
 Slow                     Hex            3%         N/A       30%         2


Dungeon Overview and Level Annotations

Branches:
Dungeon (4/15)
 Temple: D:4-7

Altars:

Annotations:
D:3 Edmund


Innate Abilities, Weirdness & Mutations

Your serpentine skin is tough. (AC +2)
You have supernaturally acute eyesight. (SInv)
Armour fits poorly on your strangely shaped body.
Your system is resistant to poisons. (rPois)
You cover ground very slowly.
You can spit poison.
You have a snake-like lower body.


Message History

Aiming: Mephitic Cloud (quite dangerous; 38% risk of failure)
Press: ? - help, Shift-Dir - straight line, f - Edmund
Aim: Edmund, wielding a +5 dire flail of protection and wearing a +0 scale mail (chance to affect: 81%)
You miscast Mephitic Cloud.
You are very lightly contaminated with residual magic.
Nothing appears to happen.
You climb upwards.
There is a stone staircase leading down here.
You start resting.
Your magical contamination has completely faded away.
You start resting.
Magic restored.
You climb downwards.
Level annotation: Edmund Edmund says, "I'm quite good with sums, too."
Edmund hits you with a +5 dire flail of protection! x2
The ogre hits you with a +0 giant club.
There is a stone staircase leading up, spattered with blood here.
Casting: Mephitic Cloud (quite dangerous; 38% risk of failure)
Confirm with . or Enter, or press ? or * to list all spells.
You miscast Blink.
You are very lightly contaminated with residual magic.
Nothing appears to happen.
Edmund completely misses you.
Casting: Blink (safe; 21% risk of failure)
Confirm with . or Enter, or press ? or * to list all spells.
The spell is quite dangerous to cast (38% risk of failure)!
Continue anyway?
Okay, then.
The ogre hits you with a +0 giant club!
* * * LOW HITPOINT WARNING * * *
Edmund barely misses you.
You climb upwards.
There is a stone staircase leading down here.
Unknown command.
Unknown command.
Casting: Mephitic Cloud (quite dangerous; 38% risk of failure)
Confirm with . or Enter, or press ? or * to list all spells.
You miscast Blink.
Nothing appears to happen.
The ogre hits you with a +0 giant club!!
Ouch! That really hurt!
You die...

########### #.....
..........## #..†..
#########..# #..... ##.#
#########..... #.##
###.##.......... ####
#..## #....†.####.....
...#### ##..# ###.#..###
#..... #.....##
##.###O..#..# #.....
#.###..# #...#@###.##
###### #.# ##.###
###.@.##..# #.# #..(##
##......# #.######..#
###..##.##
#.......#.###...###.####
.######.#.##...........#
...###.......######.##.#
##.#......#### #.##.#
##...##.#..# #.##.#


You could see Edmund and an ogre.

Vanquished Creatures
  A hound (D:2)
  Ijyb (D:3)
  Natasha (thrice) (D:3)
  An orc wizard (D:3)
  4 adders
  3 worms
  5 dart slugs
  6 orcs (D:3)
  5 ball pythons
  8 bats
  2 endoplasms (D:2)
  5 giant cockroaches
  5 goblins
  10 hobgoblins
  6 jackals (D:1)
  3 quokkas
  5 frilled lizards
  5 kobolds
  6 rats
84 creatures vanquished.

Notes
Turn   | Place    | Note
-------+----------+-------------------------------------------
     0 | D:1      | zazu2006 the Naga Hedge Wizard began the quest for the Orb.
     0 | D:1      | Reached XP level 1. HP: 15/15 MP: 4/4
   241 | D:1      | Reached XP level 2. HP: 22/22 MP: 4/6
   675 | D:1      | Found a faded altar of an unknown god.
  1157 | D:1      | Reached XP level 3. HP: 28/28 MP: 2/7
  1161 | D:1      | Learned a level 3 spell: Mephitic Cloud
  1165 | D:1      | Learned a level 3 spell: Conjure Flame
  1564 | D:2      | Reached skill level 1 in Armour
  1564 | D:2      | Reached XP level 4. HP: 29/36 MP: 3/9
  1567 | D:2      | Learned a level 2 spell: Blink
  2169 | D:2      | Reached skill level 4 in Spellcasting
  2740 | D:2      | Reached XP level 5. HP: 38/42 MP: 4/11
  3486 | D:3      | Noticed Ijyb
  3506 | D:3      | Killed Ijyb
  3526 | D:3      | Noticed Natasha
  3545 | D:3      | Killed Natasha
  3957 | D:3      | Noticed Natasha
  3970 | D:3      | Killed Natasha
  3971 | D:3      | Reached XP level 6. HP: 33/50 MP: 5/12
  4477 | D:3      | Noticed Natasha
  4482 | D:3      | Killed Natasha
  4602 | D:4      | Noticed Edmund
  4664 | D:4      | HP: 2/50 [ogre (16)]
  4666 | D:3      | Annihilated by an ogre

Illustrated notes

Levels and vault maps discovered:
D:1:      minmay_arrival_stone_box, layout_basic, basic_ecumenical_altar
D:2:      minmay_recursive_quarters, layout_basic, minmay_increasing_density
D:3:      layout_rooms, uniq_ijyb, uniq_natasha
D:4:      layout_basic, kennysheep_slug_shrine,
          mainiacjoe_overflow_six_doors_small,
          eino_small_chamber_without_monster, minmay_fractal_squares_5,
          uniq_eustachio, uniq_edmund

Skill      XL: |  1  2  3  4  5  6 |
---------------+-------------------+-----
Armour         | 1 2 |  2.3
Spellcasting   | 4 |  4.5
Conjurations   | 2 3 |  3.0
Fighting       | |  0.5
Dodging        | |  1.9
Stealth        | |  3.6
Summonings     | |  1.0
Translocations | |  1.0

Action                   |  1- 3 |  4- 6 || total
-------------------------+-------+-------++-------
Melee: Dagger            |     2 |       ||     2
       Rapier            |    16 |    52 ||    68
 Cast: Magic Dart        |    62 |   141 ||   203
       Mephitic Cloud    |       |     4 ||     4
 Abil: Spit Poison       |    10 |    23 ||    33
 Stab: Sleeping          |       |     1 ||     1
       Confused          |       |     1 ||     1
Armor: Robe              |     1 |       ||     1
       Leather armour    |     8 |    20 ||    28
Dodge: Dodged            |    22 |    36 ||    58

Table legend: (Time is in decaauts)
 A = Elapsed time spent in this place.
 B = Non-inter-level travel time spent in this place.
 C = Inter-level travel time spent in this place.
 D = Time resting spent in this place.
 E = Time spent auto-exploring this place.
 F = Levels seen in this place.
 G = Mean time per level.
                   A        B        C        D        E       F      G
               +--------+--------+--------+--------+--------+-----+--------+
         Total |   5358 |   5301 |     57 |    511 |   4148 |   4 | 1339.5 |
       Dungeon |   5358 |   5301 |     57 |    511 |   4148 |   4 | 1339.5 |
               +--------+--------+--------+--------+--------+-----+--------+

Top non-repeatable levels by time:
     D:2: 1945 daAuts
     D:1: 1698 daAuts
     D:3: 1652 daAuts
     D:4: 62 daAuts
